 Dungeon Crawl Stone Soup version 0.22-a0-307-g2b15929 (webtiles) character file.

1423 grizmgrazm2 the Thaumaturge (level 8, -10/61 HPs)
             Began as a Mummy Necromancer on Apr 1, 2018.
             Was a Follower of Kikubaaqudgha.
             Mangled by Duvessa
             ... wielding a +3 short sword of electrocution
              (17 damage)
             ... on level 5 of the Dungeon.
             The game lasted 00:22:41 (6505 turns).

grizmgrazm2 the Thaumaturge (Mummy Necromancer)     Turns: 6505, Time: 00:22:44

Health: -10/61     AC:  7    Str: 11    XL:     8   Next: 44%
Magic:  17/20      EV: 18    Int: 17    God:    Kikubaaqudgha [*.....]
Gold:   329        SH:  0    Dex: 12    Spells: 8/23 levels left

rFire    . . .     SeeInvis .   n - +4 hunting sling
rCold    + . .     Gourm    .   (no shield)
rNeg     + + +     Faith    .   d - +1 robe {rF+}
rPois    ∞         Spirit   .   (no helmet)
rElec    .         Reflect  .   g - +0 cloak
rCorr    .         Harm     .   (no gloves)
MR       +....                  i - +2 pair of boots
Stlth    +++.......             (no amulet)
HPRegen  0.20/turn              b - ring of stealth
MPRegen  0.17/turn              e - +6 ring of evasion

@: very slightly contaminated
A: no food or potions, fire vulnerability, cold resistance 1, negative energy
resistance 3, torment resistance, unbreathing
a: Receive Corpses, Renounce Religion


You were on level 5 of the Dungeon.
You worshipped Kikubaaqudgha.
Kikubaaqudgha was aware of your devotion.
You were not hungry.

You visited 2 branches of the dungeon, and saw 7 of its levels.

You collected 329 gold pieces.

Inventory:

Hand Weapons
 n - a +4 hunting sling (weapon)
Missiles
 j - 71 sling bullets
 o - 18 stones (quivered)
Armour
 d - a +1 robe of fire resistance (worn)
 g - a +0 cloak (worn)
 i - a +2 pair of boots (worn)
Jewellery
 b - a ring of stealth (left hand)
 e - a +6 ring of evasion (right hand)
 f - an uncursed ring of flight
 h - an uncursed amulet of guardian spirit
Wands
 a - a wand of random effects (12)
 l - a wand of digging (10)
Scrolls
 c - 2 scrolls of identify
 p - 3 scrolls of remove curse


   Skills:
 + Level 4.6 Fighting
 + Level 3.0 Slings
 - Level 1.5 Dodging
 - Level 1.5 Stealth
 * Level 8.0 Spellcasting
 + Level 6.0 Necromancy
 + Level 2.1 Earth Magic


You had 8 spell levels left.
You knew the following spells:

 Your Spells              Type           Power        Failure   Level  Hunger
a - Pain                  Necr           ####         1%          1    N/A
b - Vampiric Draining     Necr           ####......   2%          3    N/A
c - Corpse Rot            Necr           N/A          1%          2    N/A
d - Animate Dead          Necr           N/A          9%          4    N/A
e - Borgnjor's Vile Clut  Necr/Erth      ###.......   47%         5    N/A

Dungeon Overview and Level Annotations

Branches:
Dungeon (6/15)             Temple (1/1) D:6

Altars:
Ashenzari
Cheibriados
Elyvilon
Fedhas
Gozag
Hepliaklqana
Kikubaaqudgha
Makhleb
Nemelex Xobeh
Okawaru
Qazlal
Ru
Sif Muna
Trog
Uskayaw
Vehumet
Wu Jian
Yredelemnul
Zin

Shops:
D:4 =   D:5 :

Annotations:
D:5 Duvessa


Innate Abilities, Weirdness & Mutations

You do not eat or drink.
Your flesh is vulnerable to fire.
You are immune to poison.
Your flesh is cold resistant. (rC+)
You are immune to negative energy. (rN+++)
You are immune to unholy pain and torment.
You can survive without breathing.


Message History

Press: ? - help, Shift-Dir - straight line, f/p - Duvessa
Aim: Duvessa, wielding a short sword of electrocution and wearing a dyed leather armour (lightly wounded, berserk, fast, unusually strong)
You miscast Vampiric Draining.
You are very lightly contaminated with residual magic.
You hear strange and distant voices.
Duvessa hits you but does no damage.
Duvessa hits you with a short sword of electrocution!
You are electrocuted!
* * * LOW HITPOINT WARNING * * *
Duvessa misses you.
You climb upwards.
There is a stone staircase leading down here.
As you read the scroll labeled CEACOW ROXADD, it crumbles to dust.
You assume a fearsome visage.
It was a scroll of fear.
Duvessa barely misses you.
Duvessa hits you with a short sword of electrocution!
* * * LOW HITPOINT WARNING * * *
You are electrocuted!
You die...
Kikubaaqudgha rasps: "You have failed me!
Welcome... oblivion!"

..........#.......#..# #.#
.##..#########....#..# #.#
.##.## ##_## #....#..# #.#
.(...# 8...8####...).###.#
.....# .....######.#.....#
#...## .....8#.###.#.#...#
##..###.....##.......(...#
###..# ##.e†....#..#
.....# #.@.....#..# .#####
####....#..# .#
#######.....# .# 8..$8
#....##.#...## .# ##>##
#..(.##!.....# .#
#######....()##....### ##
#...........((.#.....# #
#..........##.(....###
#.......(............##


You could see Duvessa (berserk).

Vanquished Creatures
  Menkaure (Temple)
  An ogre (D:6)
  A sky beast (D:5)
  3 centaurs (D:5)
  A necrophage (D:4)
  Blork the orc (D:5)
  A water moccasin skeleton (D:5)
  Dowan (D:6)
  A scorpion (Temple)
  2 wights (D:6)
  3 crimson imps
  A bullfrog zombie (D:5)
  A jelly (D:6)
  3 bullfrog skeletons
  2 orc wizards
  An iguana (D:4)
  A worker ant (D:5)
  A hound skeleton (D:4)
  6 adders
  A shadow imp (D:6)
  An adder zombie (D:5)
  A worm (D:3)
  2 dart slugs
  2 leopard geckos
  2 orcs
  10 bats
  4 giant cockroaches
  4 goblins
  8 hobgoblins
  2 jackals (D:3)
  2 quokkas
  A ball python (D:3)
  7 frilled lizards
  A jackal skeleton (D:4)
  2 kobolds
  7 rats
89 creatures vanquished.

Vanquished Creatures (collateral kills)
  An orc wizard (D:3)
1 creature vanquished.

Grand Total: 90 creatures vanquished

Notes
Turn   | Place    | Note
-------+----------+-------------------------------------------
     0 | D:1      | grizmgrazm2 the Mummy Necromancer began the quest for the Orb.
     0 | D:1      | Reached XP level 1. HP: 13/13 MP: 4/4
   360 | D:1      | Reached skill level 1 in Fighting
   437 | D:1      | Reached XP level 2. HP: 21/21 MP: 0/5
   519 | D:1      | Reached skill level 3 in Spellcasting
  1016 | D:2      | Found an iron altar of Okawaru.
  1016 | D:2      | Found an ancient bone altar of Kikubaaqudgha.
  1020 | D:2      | Found a sacrificial altar of Ru.
  1112 | D:2      | Became a worshipper of Kikubaaqudgha
  1268 | D:2      | Reached XP level 3. HP: 23/27 MP: 7/7
  1646 | D:2      | Found a glowing silver altar of Zin.
  1646 | D:2      | Noticed an angel
  1904 | D:3      | Found an ornate altar of the Wu Jian Council.
  2012 | D:3      | Found a faded altar of an unknown god.
  2129 | D:3      | Learned a level 3 spell: Vampiric Draining
  2346 | D:3      | Reached * piety under Kikubaaqudgha
  2346 | D:3      | Identified Kikubaaqudgha's Collected Works on Evil Magic (Kikubaaqudgha gifted it to you on level 3 of the Dungeon)
  2346 | D:3      | Received a gift from Kikubaaqudgha
  2351 | D:3      | Learned a level 2 spell: Corpse Rot
  2482 | D:3      | Reached XP level 4. HP: 20/34 MP: 4/9
  2488 | D:3      | Learned a level 4 spell: Animate Dead
  2894 | D:3      | Reached skill level 4 in Spellcasting
  3233 | D:4      | Found Pataic's Jewellery Emporium.
  3309 | D:4      | Noticed a necrophage
  3315 | D:4      | Killed a necrophage
  3315 | D:4      | Reached XP level 5. HP: 31/39 MP: 11/11
  3415 | D:4      | Reached skill level 1 in Slings
  3499 | D:4      | Reached skill level 5 in Spellcasting
  3722 | D:3      | Reached XP level 6. HP: 47/47 MP: 13/13
  4018 | D:5      | Entered Level 5 of the Dungeon
  4019 | D:5      | Noticed a dagger
  4020 | D:5      | Found a hide-covered altar of Uskayaw.
  4020 | D:5      | Noticed a hand axe
  4049 | D:5      | Reached skill level 5 in Necromancy
  4050 | D:5      | Found Yzigagot's Book Emporium.
  4334 | D:5      | Found a hazy altar of Hepliaklqana.
  4923 | D:5      | Reached skill level 6 in Spellcasting
  4954 | D:5      | Noticed a sky beast
  4961 | D:5      | Killed a sky beast
  4961 | D:5      | Reached XP level 7. HP: 43/53 MP: 16/16
  4968 | D:5      | Learned a level 5 spell: Borgnjor's Vile Clutch
  4986 | D:5      | Noticed Blork the orc
  5329 | D:6      | Reached skill level 1 in Earth Magic
  5392 | D:6      | Noticed Menkaure
  5411 | D:6      | Found a staircase to the Ecumenical Temple.
  5422 | Temple   | Entered the Ecumenical Temple
  5447 | Temple   | Killed Menkaure
  5447 | Temple   | Reached skill level 7 in Spellcasting
  5782 | Temple   | Reached XP level 8. HP: 60/60 MP: 18/18
  6128 | D:5      | Found a radiant altar of Vehumet.
  6129 | D:5      | Found a burning altar of Makhleb.
  6293 | D:5      | Killed Blork the orc
  6306 | D:5      | Found a shattered altar of Ashenzari.
  6388 | D:6      | Noticed Dowan
  6389 | D:6      | Noticed Duvessa
  6420 | D:6      | Killed Dowan
  6420 | D:6      | Reached skill level 8 in Spellcasting
  6505 | D:5      | Mangled by Duvessa

Vault maps used:
D:1:      dpeg_arrival_pits
D:2:      lemuel_crystal_altar, zin_angel,
          chequers_temple_overflow_statue_of_worship, serial_co_window_serial,
          co_window_paths_a, co_window_corner_a, co_window_paths_a,
          co_window_paths_b, co_window_paths_a, co_window_2corner,
          co_window_of_opportunity_c, co_window_2corner, co_window_2corner,
          co_window_broadway_a, glass_columns_a, glass_columns_a
D:3:      lemuel_doored_altar, chequers_ecumenical_altar_twisty
D:4:      serial_shops, shop, first_ration
D:5:      grunt_temple_overflow_lords_of_destruction, evilmike_ruin_ashenzari,
          nicolae_overflow_hidden_temple, dancing_weapons_uskayaw, serial_shops,
          shop, uniq_blork_the_orc
D:6:      tso_metal_star, minmay_temple_entry_purple_smoke, grunt_ministairs_15,
          xom_redecorated, uniq_menkaure, uniq_prince_ribbit1, uniq_duvessa
Temple:   compressed_dpeg_triangle_lava_temple

Skill      XL: |  1  2  3  4  5  6  7  8 |
---------------+-------------------------+-----
Fighting       | 1 2 3 4 |  4.6
Spellcasting   | 3 4 5 6 7 8 |  8.0
Slings         | 1 2 3 |  3.0
Necromancy     | 5 6 |  6.0
Earth Magic    | 1 2 |  2.1
Dodging        | |  1.5
Stealth        | |  1.5

Action                   |  1- 3 |  4- 6 |  7- 9 || total
-------------------------+-------+-------+-------++-------
Melee: Unarmed           |     2 |       |       ||     2
       Short sword       |    67 |     2 |       ||    69
       Dagger            |     9 |       |       ||     9
 Fire: Hunting sling     |       |    90 |   131 ||   221
 Cast: Pain              |    64 |     5 |     1 ||    70
       Vampiric Draining |       |     4 |    10 ||    14
       Animate Dead      |       |     5 |     2 ||     7
       Corpse Rot        |       |     2 |     1 ||     3
Evoke: Wand              |       |       |     1 ||     1
  Use: Scroll            |     2 |    12 |     1 ||    15
 Stab: Sleeping          |     9 |       |       ||     9
Armor: Ring mail         |    38 |       |       ||    38
       Chain mail        |    29 |       |       ||    29
       Robe              |       |    14 |    21 ||    35
Dodge: Dodged            |    69 |    60 |    81 ||   210

Table legend:
 A = Spawn XP
 B = Non-spawn XP
 C = Spawn XP percentage of total XP
 D = Spawn monster count
 E = Non-spawn monster count
 F = Spawn count percentage of total count
 G = Total turns spent on level
                    A         B        C        D         E        F      G
               +---------+---------+-------+---------+---------+-------+---------
         Total |       0 |    2033 |   0.0 |       0 |      90 |   0.0 |  6505
               +---------+---------+-------+---------+---------+-------+---------
           D:1 |       0 |      33 |   0.0 |       0 |      20 |   0.0 |   968
           D:2 |       0 |      14 |   0.0 |       0 |       9 |   0.0 |   842
           D:3 |       0 |     147 |   0.0 |       0 |      25 |   0.0 |  1515
           D:4 |       0 |     304 |   0.0 |       0 |      10 |   0.0 |  1388
           D:5 |       0 |     786 |   0.0 |       0 |      14 |   0.0 |   796
           D:6 |       0 |     460 |   0.0 |       0 |       9 |   0.0 |   626
        Temple |       0 |     289 |   0.0 |       0 |       3 |   0.0 |   370
               +---------+---------+-------+---------+---------+-------+---------
